SL
FT. WORTH CATTLEMEN @ WIZARDING EXPRESS
06/21/2032
 
TOP OF THE 1ST
Ft. Worth Cattlemen batting - Pitching for Wizarding Express : RHP Juan Contreras
Pitching: RHP Juan Contreras
Batting: SHB Javier Vázquez 0-0: Ball
1-0: Foul Ball, location: 2F
1-1: Ground out U3 (Groundball, 3)
Batting: LHB Jesús Morales 0-0: Ball
1-0: Foul Ball, location: 2F
1-1: Foul Ball, location: 2F
1-2: Foul Ball, location: 2F
1-2: Ball
2-2: Strikes out swinging
Batting: RHB Gilberto Juárez 0-0: Called Strike
0-1: Ball
1-1: Swinging Strike
1-2: Foul Ball, location: 2F
1-2: Strikes out swinging
Top of the 1st over - 0 runs, 0 hits, 0 errors, 0 left on base; Ft. Worth 0 - Wizarding 0
BOTTOM OF THE 1ST
Wizarding Express batting - Pitching for Ft. Worth Cattlemen : RHP Gustavo Pérez
Pitching: RHP Gustavo Pérez
Batting: LHB José Corona 0-0: Foul Ball, location: 2F
0-1: Ball
1-1: Ball
2-1: Ball
3-1: Base on Balls
Batting: SHB Salvador Trevino 0-0: Ball
1-0: Ball
2-0: Fly out, F9 (Flyball, 9S)
Batting: LHB Nathan Tanner 0-0: Ball
1-0: Called Strike
1-1: 2-RUN HOME RUN (Flyball, 9D), Distance : 363 ft
Batting: RHB Ralph Cranford 0-0: Swinging Strike
0-1: Ball
1-1: Foul Ball, location: 2F
1-2: Strikes out swinging
Batting: SHB Fernando Sánchez 0-0: Ball
1-0: Ball
2-0: Ground out U3 (Groundball, 3)
Bottom of the 1st over - 2 runs, 1 hit, 0 errors, 0 left on base; Ft. Worth 0 - Wizarding 2
TOP OF THE 2ND
Ft. Worth Cattlemen batting - Pitching for Wizarding Express : RHP Juan Contreras
Batting: LHB Rick Mayfield 0-0: Foul Ball, location: 2F
0-1: Ball
1-1: Called Strike
1-2: Ball
2-2: Ball
3-2: Base on Balls
Batting: RHB Bart Lewis 0-0: Ball
Rick Mayfield is caught stealing 2nd base
1-0: Swinging Strike
1-1: Foul Ball, location: 2F
1-2: Strikes out swinging
Batting: SHB Roberto Mosca 0-0: Foul Ball, location: 2F
0-1: Ball
1-1: SINGLE (Line Drive, 89M)
Batting: RHB Jesús Martínez 0-0: Ball
1-0: Ball
2-0: Foul Ball, location: 2F
2-1: Foul Ball, location: 2F
2-2: SINGLE (Groundball, 6MD)
Roberto Mosca to second
Runner from 2nd tries for 3rd, SAFE, no throw
Batting: LHB Chris Etheridge 0-0: Ball
1-0: Foul Ball, location: 2F
1-1: Ball
2-1: Called Strike
2-2: Foul Ball, location: 2F
2-2: SINGLE (Line Drive, 9S)
Roberto Mosca scores
Jesús Martínez to second
Batting: RHB Vincent Vega 0-0: Swinging Strike
0-1: Called Strike
0-2: Ball
1-2: Foul Ball, location: 2F
1-2: Ball
2-2: Foul Ball, location: 2F
2-2: Foul Ball, location: 2F
2-2: Strikes out swinging
Top of the 2nd over - 1 run, 3 hits, 0 errors, 2 left on base; Ft. Worth 1 - Wizarding 2
BOTTOM OF THE 2ND
Wizarding Express batting - Pitching for Ft. Worth Cattlemen : RHP Gustavo Pérez
Batting: LHB António Boccanegra 0-0: Ball
1-0: Foul Ball, location: 2F
1-1: Swinging Strike
1-2: Strikes out swinging
Batting: RHB Frank Grimes 0-0: Ball
1-0: Foul Ball, location: 2F
1-1: Ground out 6-3 (Groundball, 6)
Batting: RHB Gustavo Mateo 0-0: Called Strike
0-1: Ball
1-1: Ball
2-1: Ball
3-1: Base on Balls
Batting: LHB Cris Gonzáles 0-0: Called Strike
0-1: Ball
1-1: Swinging Strike
1-2: Strikes out swinging
Bottom of the 2nd over - 0 runs, 0 hits, 0 errors, 1 left on base; Ft. Worth 1 - Wizarding 2
TOP OF THE 3RD
Ft. Worth Cattlemen batting - Pitching for Wizarding Express : RHP Juan Contreras
Batting: SHB Javier Vázquez 0-0: Ball
1-0: Ball
2-0: Called Strike
2-1: Called Strike
2-2: Ball
3-2: Base on Balls
Batting: LHB Jesús Morales 0-0: Called Strike
0-1: Ball
1-1: Foul Ball, location: 2F
1-2: SINGLE (Flyball, 89S)
Javier Vázquez to second
Runner from 2nd tries for 3rd, SAFE, throw made to third
Batting: RHB Gilberto Juárez 0-0: Called Strike
0-1: Ball
1-1: Ball
2-1: Swinging Strike
2-2: Strikes out swinging
Jesús Morales steals 2nd base
Batter strikes out.
Batting: LHB Rick Mayfield 0-0: Ball
1-0: Ball
2-0: Swinging Strike
2-1: Foul Ball, location: 2F
2-2: Ball
3-2: Strikes out swinging
Batting: RHB Bart Lewis 0-0: Called Strike
0-1: Ball
1-1: Ball
2-1: Swinging Strike
2-2: Ball
3-2: Base on Balls
Batting: SHB Roberto Mosca 0-0: Ball
1-0: Ball
2-0: Ball
3-0: Called Strike
3-1: Base on Balls
Javier Vázquez scores
Jesús Morales to third
Bart Lewis to second
Batting: RHB Jesús Martínez 0-0: Foul Ball, location: 2F
0-1: Ball
1-1: Foul Ball, location: 2F
1-2: Ball
2-2: Ball
3-2: Strikes out looking
Top of the 3rd over - 1 run, 1 hit, 0 errors, 3 left on base; Ft. Worth 2 - Wizarding 2
BOTTOM OF THE 3RD
Wizarding Express batting - Pitching for Ft. Worth Cattlemen : RHP Gustavo Pérez
Batting: LHB José Corona 0-0: Swinging Strike
0-1: TRIPLE (Flyball, 8LXD)
Batting: SHB Salvador Trevino 0-0: Ball
1-0: Called Strike
1-1: Ball
2-1: Ball
3-1: Ground out 4-3 (Groundball, 4)
José Corona scores
Batting: LHB Nathan Tanner 0-0: Foul Ball, location: 2F
0-1: Called Strike
0-2: Ball
1-2: Ground out 6-3 (Groundball, 6S)
Batting: RHB Ralph Cranford 0-0: Ball
1-0: Called Strike
1-1: Ball
2-1: Ball
3-1: Called Strike
3-2: SINGLE (Groundball, 6MD)
Batting: SHB Fernando Sánchez 0-0: Ball
1-0: Ball
Throwing error on steal attempt, E2
Ralph Cranford to third
2-0: Foul Ball, location: 2F
2-1: Ball
3-1: Called Strike
3-2: SINGLE (Line Drive, 9S)
Ralph Cranford scores
Batting: LHB António Boccanegra 0-0: Hit by Pitch
Fernando Sánchez to second
Batting: RHB Frank Grimes 0-0: SINGLE (Groundball, 34) (infield hit)
Fernando Sánchez to third
António Boccanegra to second
Batting: RHB Gustavo Mateo 0-0: Ball
1-0: Ball
2-0: Ball
3-0: Base on Balls
Fernando Sánchez scores
António Boccanegra to third
Frank Grimes to second
Batting: LHB Cris Gonzáles 0-0: Called Strike
0-1: Swinging Strike
0-2: Strikes out swinging
Bottom of the 3rd over - 3 runs, 4 hits, 1 error, 3 left on base; Ft. Worth 2 - Wizarding 5
TOP OF THE 4TH
Ft. Worth Cattlemen batting - Pitching for Wizarding Express : RHP Juan Contreras
Batting: LHB Chris Etheridge 0-0: Ball
1-0: Foul Ball, location: 2F
1-1: Ball
2-1: Foul Ball, location: 2F
2-2: SINGLE (Flyball, 78S)
Batting: RHB Vincent Vega 0-0: Foul Ball, location: 2F
0-1: Foul Ball, location: 2F
0-2: Ball
1-2: Ball
2-2: Ball
Chris Etheridge steals 2nd base
3-2: Strikes out looking
Batting: SHB Javier Vázquez 0-0: Called Strike
0-1: Foul Ball, location: 2F
0-2: Ball
1-2: Ball
2-2: Ground out 5-3 (Groundball, 56S)
Chris Etheridge to third
Batting: LHB Jesús Morales 0-0: Ball
1-0: Called Strike
1-1: Fly out, F7 (Line Drive, 7LM)
Top of the 4th over - 0 runs, 1 hit, 0 errors, 1 left on base; Ft. Worth 2 - Wizarding 5
BOTTOM OF THE 4TH
Wizarding Express batting - Pitching for Ft. Worth Cattlemen : RHP Gustavo Pérez
Batting: LHB José Corona 0-0: Foul Ball, location: 2F
0-1: Called Strike
0-2: Hit by Pitch
Batting: SHB Salvador Trevino 0-0: Called Strike
0-1: SINGLE (Flyball, 7LM)
José Corona to second
Pitching: RHP Oliver Huerta
Batting: LHB Nathan Tanner 0-0: Ball
1-0: SINGLE (Flyball, 7S)
José Corona to third
Salvador Trevino to second
Runner from 3rd tries for Home, SAFE, no throw
Batting: RHB Ralph Cranford 0-0: Ball
1-0: Ball
2-0: Called Strike
2-1: Swinging Strike
2-2: SINGLE (Groundball, 56D)
Salvador Trevino to third
Nathan Tanner to second
Batting: SHB Fernando Sánchez 0-0: Ball
1-0: Foul Ball, location: 2F
1-1: Ball
2-1: Fly out, F7 (Flyball, 7S)
Batting: LHB António Boccanegra 0-0: Ball
1-0: SINGLE (Groundball, 4MD)
Salvador Trevino scores
Nathan Tanner to third
Ralph Cranford to second
Runner from 3rd tries for Home, SAFE, no throw
Batting: RHB Frank Grimes 0-0: Hit by Pitch
Ralph Cranford to third
António Boccanegra to second
Batting: RHB Gustavo Mateo 0-0: Ground out U3 (Groundball, 34S)
Ralph Cranford scores
António Boccanegra to third
Frank Grimes to second
Batting: LHB Cris Gonzáles 0-0: Called Strike
0-1: Ball
1-1: Swinging Strike
1-2: Ball
2-2: Ground out U3 (Groundball, 34)
Bottom of the 4th over - 4 runs, 4 hits, 0 errors, 2 left on base; Ft. Worth 2 - Wizarding 9
TOP OF THE 5TH
Ft. Worth Cattlemen batting - Pitching for Wizarding Express : RHP Juan Contreras
Batting: RHB Gilberto Juárez 0-0: Swinging Strike
0-1: Fly out, F5 (Line Drive, 5)
Batting: LHB Rick Mayfield 0-0: Ball
1-0: Ball
2-0: Ball
3-0: Called Strike
3-1: Base on Balls
Pitching: RHP Marv Bradford
Batting: RHB Bart Lewis 0-0: Called Strike
0-1: Ball
1-1: Ball
2-1: DOUBLE (Line Drive, 78XD)
Rick Mayfield to third
Batting: SHB Roberto Mosca 0-0: Foul Ball, location: 2F
0-1: Foul Ball, location: 2F
0-2: Ball
1-2: Strikes out looking
Batting: RHB Jesús Martínez 0-0: Fly out, F8 (Flyball, 8LXD)
Top of the 5th over - 0 runs, 1 hit, 0 errors, 2 left on base; Ft. Worth 2 - Wizarding 9
BOTTOM OF THE 5TH
Wizarding Express batting - Pitching for Ft. Worth Cattlemen : RHP Oliver Huerta
Batting: LHB José Corona 0-0: Foul Ball, location: 2F
0-1: Called Strike
0-2: Ball
1-2: Ball
2-2: Ball
3-2: DOUBLE (Line Drive, 89XD)
Batting: SHB Salvador Trevino 0-0: Ground out 5-3 (Groundball, 5L)
Batting: LHB Nathan Tanner 0-0: Ball
1-0: Called Strike
1-1: Swinging Strike
1-2: Ground out 3-1 (Groundball, 34)
José Corona to third
Batting: RHB Ralph Cranford 0-0: Ball
1-0: Foul Ball, location: 2F
1-1: Fly out, F7 (Flyball, 78M)
Bottom of the 5th over - 0 runs, 1 hit, 0 errors, 1 left on base; Ft. Worth 2 - Wizarding 9
TOP OF THE 6TH
Ft. Worth Cattlemen batting - Pitching for Wizarding Express : RHP Marv Bradford
Batting: LHB Chris Etheridge 0-0: Ball
1-0: Swinging Strike
1-1: Ball
2-1: SINGLE (Line Drive, 9S)
Batting: RHB Vincent Vega 0-0: Called Strike
Chris Etheridge steals 2nd base
0-1: Foul Ball, location: 2F
0-2: Strikes out looking
Batting: SHB Javier Vázquez 0-0: Foul Ball, location: 2F
0-1: Called Strike
0-2: Ball
1-2: Ball
2-2: 2-RUN HOME RUN (Flyball, 9LD), Distance : 325 ft
Batting: LHB Jesús Morales 0-0: Foul Ball, location: 2F
0-1: Ball
1-1: Foul Ball, location: 2F
1-2: Ball
2-2: Foul Ball, location: 2F
2-2: Ground out U3 (Groundball, 3)
Batting: RHB Gilberto Juárez 0-0: Fly out, F8 (Flyball, 8RD)
Top of the 6th over - 2 runs, 2 hits, 0 errors, 0 left on base; Ft. Worth 4 - Wizarding 9
BOTTOM OF THE 6TH
Wizarding Express batting - Pitching for Ft. Worth Cattlemen : RHP Oliver Huerta
Batting: SHB Fernando Sánchez 0-0: DOUBLE (Line Drive, 8RD)
Batting: LHB António Boccanegra 0-0: Swinging Strike
0-1: Foul Ball, location: 2F
0-2: SINGLE (Line Drive, 9LM)
Fernando Sánchez to third
Runner from 3rd tries for Home, SAFE, no throw
Pitching: RHP César Manoel
Batting: RHB Frank Grimes 0-0: Grounds into double play, 6-4-3 (Groundball, 6)
Batting: RHB Gustavo Mateo 0-0: Foul Ball, location: 2F
0-1: Ball
1-1: Ground out 6-3 (Groundball, 6)
Bottom of the 6th over - 1 run, 2 hits, 0 errors, 0 left on base; Ft. Worth 4 - Wizarding 10
TOP OF THE 7TH
Ft. Worth Cattlemen batting - Pitching for Wizarding Express : RHP Marv Bradford
Batting: LHB Rick Mayfield 0-0: Ball
1-0: Ball
2-0: Ball
3-0: Base on Balls
Pitching: RHP Biff Tannen
Batting: RHB Bart Lewis 0-0: Called Strike
0-1: Foul Ball, location: 2F
0-2: Ball
1-2: Grounds into double play, 6-4-3 (Groundball, 6M)
Batting: SHB Roberto Mosca 0-0: Ball
1-0: Ball
2-0: Ball
3-0: Called Strike
3-1: Foul Ball, location: 2F
3-2: Strikes out looking
Top of the 7th over - 0 runs, 0 hits, 0 errors, 0 left on base; Ft. Worth 4 - Wizarding 10
BOTTOM OF THE 7TH
Wizarding Express batting - Pitching for Ft. Worth Cattlemen : RHP César Manoel
Batting: LHB Cris Gonzáles 0-0: Ball
1-0: Called Strike
1-1: Called Strike
1-2: Ball
2-2: Ball
3-2: Base on Balls
Batting: LHB José Corona 0-0: Foul Ball, location: 2F
0-1: Fly out, F8 (Flyball, 8LM)
Batting: SHB Salvador Trevino 0-0: Called Strike
0-1: Ball
1-1: Ground out 3-1 (Groundball, 34S)
Cris Gonzáles to second
Batting: LHB Nathan Tanner 0-0: Called Strike
0-1: 2-RUN HOME RUN (Flyball, 7D), Distance : 349 ft
Batting: RHB Ralph Cranford 0-0: Called Strike
0-1: Ground out 5-3 (Groundball, 56S)
Bottom of the 7th over - 2 runs, 1 hit, 0 errors, 0 left on base; Ft. Worth 4 - Wizarding 12
TOP OF THE 8TH
Ft. Worth Cattlemen batting - Pitching for Wizarding Express : RHP Biff Tannen
Batting: RHB Jesús Martínez 0-0: Ball
1-0: Ground out 5-3 (Groundball, 5S)
Batting: LHB Chris Etheridge 0-0: Foul Ball, location: 2F
0-1: Ground out 4-3 (Groundball, 4S)
Batting: RHB Vincent Vega 0-0: Called Strike
0-1: Ground out 4-3 (Groundball, 4M)
Top of the 8th over - 0 runs, 0 hits, 0 errors, 0 left on base; Ft. Worth 4 - Wizarding 12
BOTTOM OF THE 8TH
Wizarding Express batting - Pitching for Ft. Worth Cattlemen : RHP César Manoel
Batting: SHB Fernando Sánchez 0-0: Fly out, F7 (Flyball, 7S)
Batting: LHB António Boccanegra 0-0: Ball
1-0: SINGLE (Groundball, 34D)
Batting: RHB Frank Grimes 0-0: Ball
1-0: Fly out, F9 (Line Drive, 89S)
Batting: RHB Gustavo Mateo 0-0: Ball
1-0: Foul Ball, location: 2F
1-1: SINGLE (Line Drive, 78M)
António Boccanegra to second
Batting: LHB Cris Gonzáles 0-0: Ball
1-0: Ball
2-0: Ball
3-0: Base on Balls
António Boccanegra to third
Gustavo Mateo to second
Batting: LHB José Corona 0-0: Ball
1-0: Called Strike
1-1: Ball
2-1: Foul Ball, location: 2F
2-2: Ball
3-2: Ground out U3 (Groundball, 34)
Bottom of the 8th over - 0 runs, 2 hits, 0 errors, 3 left on base; Ft. Worth 4 - Wizarding 12
TOP OF THE 9TH
Ft. Worth Cattlemen batting - Pitching for Wizarding Express : RHP Biff Tannen
Batting: SHB Javier Vázquez 0-0: Foul Ball, location: 2F
0-1: Foul Ball, location: 2F
0-2: Ball
1-2: Ball
2-2: Strikes out swinging
Batting: LHB Jesús Morales 0-0: SINGLE (Line Drive, 89S)
Batting: RHB Gilberto Juárez 0-0: Called Strike
0-1: Ball
1-1: Ball
2-1: Swinging Strike
2-2: Foul Ball, location: 2F
2-2: SINGLE (Groundball, 56S) (infield hit)
Jesús Morales to second
Batting: LHB Rick Mayfield 0-0: Ball
1-0: Called Strike
1-1: SINGLE (Flyball, 8LS)
Jesús Morales to third
Gilberto Juárez to second
Batting: RHB Bart Lewis 0-0: SINGLE (Flyball, 8RS)
Jesús Morales scores
Gilberto Juárez to third
Rick Mayfield to second
Batting: SHB Roberto Mosca 0-0: Ball
1-0: Ball
2-0: Grounds out, U3 (Groundball, 3L)
Gilberto Juárez scores
Rick Mayfield to third
Batting: RHB Jesús Martínez 0-0: Ball
Passed Ball!
Rick Mayfield scores
Bart Lewis to third
1-0: Ground out 4-3 (Groundball, 4M)
Top of the 9th over - 3 runs, 4 hits, 0 errors, 1 left on base; Ft. Worth 7 - Wizarding 12
Wednesday, September 19th, 2018 - OOTP Baseball 18.8 Build 76